 Dungeon Crawl Stone Soup version 0.26-a0-710-g95a0c6c400 (webtiles) character file.

Game seed: 13712541660819262027

350 KennyOmg the Cleaver (level 6, -14/78 HPs)
             Began as a Minotaur Berserker on Oct 30, 2020.
             Was a Believer of Trog.
             Killed by divine providence
             ... invoked by an orc priest
              (16 damage)
             ... on level 4 of the Dungeon.
             The game lasted 00:03:03 (3957 turns).

KennyOmg the Cleaver (Minotaur Berserker)           Turns: 3957, Time: 00:03:03

Health: -14/78     AC:  6    Str: 22    XL:     6   Next: 34%
Magic:  5/5        EV: 11    Int:  6    God:    Trog [**....]
Gold:   180        SH:  0    Dex: 15    Spells: 5/5 levels left

rFire    . . .     SeeInvis .   a - +0 hand axe
rCold    . . .     Faith    .   (no shield)
rNeg     . . .     Spirit   .   y - +0 scale mail
rPois    .         Reflect  .   (helmet restricted)
rElec    .         Harm     .   (no cloak)
rCorr    .         Rampage  .   (no gloves)
MR       .....                  (no boots)
Stlth    ..........             (no amulet)
HPRegen  0.23/turn              i - ring of wizardry
MPRegen  0.09/turn              w - +6 ring of dexterity (curse)

@: berserking, very quick
A: retaliatory headbutt, horns 2
a: Berserk, Trog's Hand, Renounce Religion


You were on level 4 of the Dungeon.
You worshipped Trog.
Trog was pleased with you.
You visited 1 branch of the dungeon, and saw 4 of its levels.

You collected 180 gold pieces.

Inventory:

Hand Weapons
 a - a +0 hand axe (weapon)
Missiles
 f - 5 curare-tipped darts (quivered) {!f}
 j - a throwing net {!f}
Armour
 y - a +0 scale mail (worn)
   (You found it on level 4 of the Dungeon)
Jewellery
 i - a ring of wizardry (left hand)
   (You found it on level 2 of the Dungeon)
 w - a cursed +6 ring of dexterity (right hand)
   (You found it on level 3 of the Dungeon)
Wands
 u - a wand of paralysis (14)
   (You found it on level 2 of the Dungeon)
 x - a wand of polymorph (7)
   (You found it on level 4 of the Dungeon)
Scrolls
 d - 4 scrolls of identify {unknown}
 e - a scroll of remove curse {unknown}
 m - a scroll of enchant weapon {unknown}
 r - a scroll of teleportation {unknown}
 t - a scroll of fear {unknown}
 v - a scroll of blinking {unknown}
Potions
 b - 4 potions of brilliance {unknown}
 c - 3 potions of lignification {unknown}
 g - a potion of mutation {unknown}
 h - a potion of flight {unknown}
 k - 2 potions of haste {unknown}
 l - 4 potions of curing {unknown}
 n - a potion of invisibility {unknown}
 o - a potion of resistance {unknown}
 p - 2 potions of magic {unknown}
 q - 3 potions of might {unknown}
 s - 4 potions of heal wounds {unknown}


   Skills:
 - Level 3.6 Fighting
 * Level 8.7 Axes
 - Level 2.4 Armour
 - Level 2.1 Dodging


You had 5 spell levels left.
You didn't know any spells.
Your spell library was empty.

Dungeon Overview and Level Annotations

Branches:
Dungeon (4/15)
 Temple: D:4-7

Altars:
Dithmenos
Elyvilon
Fedhas
Nemelex Xobeh
Qazlal
Uskayaw


Innate Abilities, Weirdness & Mutations

You reflexively headbutt those who attack you in melee.
You have a pair of horns on your head.


Message History

An orc comes into view. It is wielding a -2 flail.
The orc shouts!
The orc priest invokes the aid of Beogh against you.
Beogh smites you!
An orc priest comes into view.
The orc priest shouts!
The orc priest looks satisfied for a moment.
The orc priest casts a cantrip, but nothing happens.
The orc priest closely misses you. You furiously retaliate!
You headbutt the orc priest, but do no damage.
The orc priest casts a cantrip, but nothing happens.
You hit the orc priest.
The orc priest hits you with a cursed -1 short sword.
You hit the orc priest. Your headbutt misses the orc priest.
The orc priest miscasts a cantrip.
Your scale mail prevents you from hitting the orc priest.
The orc priest miscasts a cantrip.
The orc priest calls down the wrath of Beogh upon you.
Beogh smites you!
* * * LOW HITPOINT WARNING * * *
You barely miss the orc priest. Your headbutt misses the orc priest.
The orc priest looks braver for a moment.
The orc priest barely misses you.
You closely miss the orc priest. You headbutt the orc priest!
You kill the orc priest!
Trog accepts your kill.
You barely miss the orc. You closely miss the orc. The orc misses you.
The orc priest calls down the wrath of Beogh upon you.
Beogh smites you!
* * * LOW HITPOINT WARNING * * *
You slash the orc!
You kill the orc!
Trog accepts your kill.
The orc priest calls down the wrath of Beogh upon you.
Pain shoots through your body!
* * * LOW HITPOINT WARNING * * *
A red film seems to cover your vision as you go berserk!
You feel yourself moving faster!
You feel mighty!
The orc priest invokes the aid of Beogh against you.
Pain shoots through your body!
* * * LOW HITPOINT WARNING * * *
You feel a strong urge to attack something.
Items here: )) [ ††.
You slash the orc priest! The orc priest closely misses you.
You barely miss the orc priest. Your headbutt misses the orc priest.
You closely miss the orc priest.
The orc priest calls down the wrath of Beogh upon you.
Beogh smites you!
You die...

#. #....#...#
# #.#.
#[.......###
#.#
######....##
#.# . #....#.
#.#
....####....#.
#.. #.#
..............
#..# #.#
#########.####
#..# #o#
#...........
#..# #@#
#.##########
#..# #.#
#.####### #..#
#.# #.......#
#.^### #.#
#######.#
#....# #.# #.#
##.#.# #.# #.#
#.#.# #.# #.#
#.#.#####.#
#.#
#.#.#.....#
#.#


You could see an orc priest.

Vanquished Creatures
  2 scorpions (D:4)
  2 orc priests
  An iguana (D:4)
  2 worker ants (D:4)
  5 adders
  A worm (D:2)
  A leopard gecko (D:2)
  10 orcs
  A ball python (D:1)
  2 giant cockroaches
  2 goblins (D:2)
  4 hobgoblins
  12 jackals
  2 kobolds
  A quokka (D:3)
  7 bats
  A frilled lizard (D:3)
  3 rats
59 creatures vanquished.

Notes
Turn   | Place    | Note
-------+----------+-------------------------------------------
     0 | D:1      | KennyOmg the Minotaur Berserker began the quest for the
                  | Orb.
     0 | D:1      | Reached XP level 1. HP: 19/19 MP: 0/0
   152 | D:1      | Reached skill level 4 in Axes
   195 | D:1      | Reached XP level 2. HP: 27/27 MP: 1/1
   818 | D:2      | Found a white marble altar of Elyvilon.
   955 | D:2      | Reached skill level 5 in Axes
  1042 | D:2      | Found a sparkling altar of Nemelex Xobeh.
  1050 | D:2      | Found a shadowy altar of Dithmenos.
  1054 | D:2      | Found a hide-covered altar of Uskayaw.
  1106 | D:2      | Found a faded altar of an unknown god.
  1167 | D:2      | Reached XP level 3. HP: 14/33 MP: 2/2
  1172 | D:2      | Reached ** piety under Trog
  1475 | D:2      | Reached XP level 4. HP: 20/40 MP: 3/3
  1696 | D:2      | Reached skill level 6 in Axes
  2039 | D:2      | Found a blossoming altar of Fedhas.
  2138 | D:3      | Noticed an air elemental
  2166 | D:3      | Found a stormy altar of Qazlal.
  2230 | D:3      | Noticed a fire elemental
  2230 | D:3      | Noticed a water elemental
  2230 | D:3      | Noticed an earth elemental
  2636 | D:4      | Reached skill level 7 in Axes
  2636 | D:4      | Reached XP level 5. HP: 34/46 MP: 4/4
  3215 | D:4      | Reached skill level 8 in Axes
  3215 | D:4      | Reached XP level 6. HP: 40/52 MP: 5/5
  3953 | D:4      | HP: 1/78 [orc priest/nerve-wracking pain (9)]
  3957 | D:4      | Killed from afar by an orc priest

Illustrated notes

Levels and vault maps discovered:
D:1:      dpeg_arrival_arbitrary_b, layout_basic
D:2:      cheibrodos_pilgrimage, layout_loops_cross, fedhas_altar_2, minitemple,
          lemuel_crystal_altar, chequers_ecumenical_altar_grove
D:3:      layout_loops_ring, nicolae_qazlal_style_of_elements
D:4:      minmay_recursive_quarters, layout_basic, minmay_misc_feat_enclosed

Skill      XL: |  1  2  3  4  5 |
---------------+----------------+-----
Axes           | 4 5 7 8 |  8.7
Fighting       | |  3.6
Armour         | |  2.4
Dodging        | |  2.1

Action                   |  1- 3 |  4- 6 || total
-------------------------+-------+-------++-------
Melee: Hand axe          |    60 |    98 ||   158
       Headbutt          |     7 |    15 ||    22
Invok: Berserk           |       |     3 ||     3
Armor: Animal skin       |    20 |     1 ||    21
       Ring mail         |       |    21 ||    21
       Scale mail        |       |     2 ||     2
Dodge: Dodged            |    41 |    54 ||    95

Table legend: (Time is in decaauts)
 A = Elapsed time spent in this place.
 B = Non-inter-level travel time spent in this place.
 C = Inter-level travel time spent in this place.
 D = Time resting spent in this place.
 E = Time spent auto-exploring this place.
 F = Levels seen in this place.
 G = Mean time per level.
                   A        B        C        D        E       F      G
               +--------+--------+--------+--------+--------+-----+--------+
         Total |   3975 |   3915 |     60 |    913 |   2588 |   4 |  993.8 |
       Dungeon |   3975 |   3915 |     60 |    913 |   2588 |   4 |  993.8 |
               +--------+--------+--------+--------+--------+-----+--------+

Top non-repeatable levels by time:
     D:4: 1362 daAuts
     D:2: 1354 daAuts
     D:1: 744 daAuts
     D:3: 514 daAuts
